 Dungeon Crawl Stone Soup version 0.23.2-30-g0e89c35649 (webtiles) character file.

Game seed: 5662442433601617500

10626 doot the Zephyrmancer (level 11, 0/60 HPs)
             Began as a Tengu Air Elementalist on June 24, 2019.
             Was a Believer of Vehumet.
             Slain by a tengu warrior
             ... wielding a +0 long sword
              (1 damage)
             ... on level 10 of the Dungeon.
             The game lasted 00:36:54 (17777 turns).

doot the Zephyrmancer (Tengu Air Elementalist)     Turns: 17777, Time: 00:36:56

Health: 0/60       AC:  5    Str:  9    XL:     11   Next: 65%
Magic:  9/17       EV: 16    Int: 18    God:    Vehumet [**....]
Gold:   173        SH:  0    Dex: 15    Spells: 16/31 levels left

rFire    + . .     SeeInvis .   K - +5 long sword "Untech" {pain, +Blink rPois rC+++ MR- MP-9}
rCold    + + +     Gourm    .   (no shield)
rNeg     . . .     Faith    .   F - +2 leather armour {rF+}
rPois    +         Spirit   .   (helmet restricted)
rElec    .         Reflect  .   (no cloak)
rCorr    .         Harm     .   (no gloves)
MR       .....                  (boots unavailable)
Stlth    ++........             (no amulet)
HPRegen  0.20/turn              (no ring)
MPRegen  0.15/turn              (no ring)

@: flying quickly and evasively, quick
A: beak, talons 3, able to fly
a: Stop Flying, Renounce Religion, Evoke Blink


You were on level 10 of the Dungeon.
You worshipped Vehumet.
Vehumet was pleased with you.
You were not hungry.

You visited 2 branches of the dungeon, and saw 12 of its levels.

You collected 575 gold pieces.
You spent 402 gold pieces at shops.

Inventory:

Hand Weapons
 f - a +3 mace of holy wrath
 l - a +1 short sword of draining
 p - a +0 blowgun
 x - a +2 dagger of speed
 D - a +2 spear of venom
 E - a +4 halberd
 K - the +5 long sword "Untech" (weapon) {pain, +Blink rPois rC+++ MR- MP-9}
   (You found it on level 6 of the Dungeon)

   In the hands of one skilled in necromantic magic, it inflicts extra damage on
   living creatures.
   It renders you almost immune to cold.
   It protects you from poison.
   It affects your resistance to hostile enchantments.
   It affects your magic capacity (-9).
   It lets you blink.
 P - a +1 demon blade of freezing
Missiles
 q - 36 poisoned needles
 y - 4 throwing nets (quivered)
Armour
 a - a +0 robe
 w - the +0 robe of Amorality {rC+ rN+ Int-5 Slay+2}
   (You found it on level 4 of the Dungeon)

   It affects your intelligence (-5).
   It affects your accuracy and damage with ranged weapons and melee attacks
   (+2).
   It protects you from cold.
   It protects you from negative energy.
 F - a +2 leather armour of fire resistance (worn)
 Q - a +1 robe of cold resistance
Jewellery
 N - an uncursed ring of poison resistance
Wands
 z - a wand of iceblast (1)
 A - a wand of enslavement (7)
Scrolls
 b - 3 scrolls of fog {unknown}
 e - 6 scrolls of remove curse {unknown}
 g - 2 scrolls of immolation {unknown}
 i - 2 scrolls of random uselessness {unknown}
 j - 3 scrolls of enchant weapon {unknown}
 t - 4 scrolls of teleportation {unknown}
 u - 4 scrolls of enchant armour
 B - a scroll of blinking {unknown}
 C - a scroll of holy word {unknown}
 G - 3 scrolls of fear
 J - a scroll of amnesia {unknown}
 L - 2 scrolls of magic mapping {unknown}
 S - 5 scrolls of identify
 T - a scroll of brand weapon
Potions
 d - 4 potions of curing
 h - a potion of resistance {unknown}
 k - 3 potions of berserk rage
 m - 2 potions of flight {unknown}
 n - a potion of ambrosia {unknown}
 o - 2 potions of degeneration {unknown}
 r - 5 potions of haste
 s - 3 potions of might
 v - a potion of invisibility {unknown}
 H - 2 potions of heal wounds {unknown}
 I - 2 potions of lignification
 M - a potion of brilliance {unknown}
 O - a potion of mutation {unknown}
 R - a potion of agility
Comestibles
 c - 12 rations


   Skills:
 + Level 3.2 Fighting
 + Level 0.5(3.2) Short Blades
 + Level 5.1(5.2) Long Blades
 + Level 1.0 Maces & Flails
 + Level 2.4 Polearms
 + Level 0.6 Armour
 + Level 4.3 Dodging
 + Level 4.1 Stealth
 + Level 10.7 Spellcasting
 + Level 6.2 Conjurations
 + Level 12.7 Air Magic
 + Level 3.0 Evocations


You had 16 spell levels left.
You knew the following spells:

 Your Spells              Type           Power        Failure   Level  Hunger
a - Shock                 Conj/Air       ####         1%          1    None
b - Swiftness             Chrm/Air       ####....     1%          2    None
c - Static Discharge      Conj/Air       #####...     1%          3    None
d - Airstrike             Air            ######....   1%          4    ##.....
e - Lightning Bolt        Conj/Air       #####.....   5%          5    #####..

Your spell library contained the following spells:

 Spells                   Type           Power        Failure   Level  Hunger
 Searing Ray              Conj           ####..       1%          2    None


Dungeon Overview and Level Annotations

Branches:
Dungeon (11/15)            Temple (1/1) D:6            Lair (0/6) D:10
    Orc: D:9-12

Altars:
Ashenzari
Cheibriados
Dithmenos
Elyvilon
Fedhas
Gozag
Hepliaklqana
Kikubaaqudgha
Makhleb
Nemelex Xobeh
Okawaru
Qazlal
Ru
Sif Muna
Trog
Uskayaw
Vehumet
Wu Jian
Xom
Yredelemnul
Zin
The Shining One

Shops:
D:10 ?

Portals:
Ice
Cave: D:11

Annotations:
D:5 1 runed translucent door, bmj180's ghost, amateur MiFi
D:9 1 runed translucent door, kalagan's ghost, novice DESu


Innate Abilities, Weirdness & Mutations

You have a beak for a mouth.
You have claws for feet.
You can fly continuously.


Message History

Aiming: Airstrike (safe; 1% risk of failure)
Press: ? - help, Dir - move target cursor, f - tengu warrior
Aim: a tengu warrior, wielding a +0 long sword, wearing a +0 ring mail and wearing a +2 buckler of positive energy The air twists around and violently strikes the tengu warrior!
The tengu warrior is lightly wounded.
The tengu warrior hits you but does no damage.
The tengu warrior pecks you! The tengu warrior claws you.
Casting: Airstrike (safe; 1% risk of failure)
Confirm with . or Enter, or press ? or * to list all spells.
Aiming: Airstrike (safe; 1% risk of failure)
Press: ? - help, Dir - move target cursor, f/p - tengu warrior
Aim: a tengu warrior, wielding a +0 long sword, wearing a +0 ring mail and wearing a +2 buckler of positive energy (lightly wounded)
The air twists around and violently strikes the tengu warrior!!
The tengu warrior is heavily wounded.
The tengu warrior hits you with a +0 long sword!!
* * * LOW HITPOINT WARNING * * *
The tengu warrior pecks you.
* * * LOW HITPOINT WARNING * * *
The tengu warrior claws you.
You die...

....)...# #.# #..#####.# #.# #
###)##.## ##.## #........# #.# #
....##.#####...###.###.######.###
)#..##.)...........# #.# #...#
.#..########...#######.# #...##
.#..# ##.##.......# #..... ....#
#.##.####### ##..## .#### #.##Q#
#..# .# #.##@# #..# .## #.##.#
#..# ..# #.##.# #..# .## #.##.#
#..# ## ##.##.# #..# #..##.# #..#
#<###.# #..# ######.# #.# #..#
#......# #.# #..#


You could see a tengu warrior.

Vanquished Creatures
  A hydra (D:7)
  2 two-headed ogres
  A tengu warrior (D:10)
  Psyche (D:8)
  4 trolls
  A hippogriff (D:9)
  Sigmund (D:2)
  4 yaks (D:10)
  A basilisk (D:10)
  2 wyverns (D:9)
  3 hungry ghosts
  A vampire mosquito (D:9)
  An acid dragon (D:10)
  Duvessa (D:6)
  2 phantoms (D:7)
  3 orc warriors
  A sky beast (D:10)
  3 ice beasts
  A black bear (D:10)
  3 ogres
  6 centaurs
  3 crocodiles (D:10)
  5 bullfrogs
  A wyvern zombie (D:10)
  A water moccasin zombie (D:8)
  5 scorpions
  Dowan (D:6)
  6 killer bees (D:10)
  5 howler monkeys
  3 crimson imps
  A quasit (D:9)
  3 orc priests
  3 hounds
  2 bullfrog skeletons
  A centaur skeleton (D:10)
  2 iguanas (D:5)
  2 gnoll shamans (D:5)
  6 orc wizards
  10 worker ants
  2 hound zombies
  A hound skeleton (D:4)
  A worker ant zombie (D:9)
  Robin (D:3)
  48 gnolls (D:5)
  A howler monkey skeleton (D:9)
  12 adders
  2 shadow imps
  11 white imps (D:11)
  2 oozes
  4 worms
  2 dart slugs (D:1)
  4 leopard geckos
  22 orcs
  2 ball pythons
  9 bats
  9 giant cockroaches
  14 goblins
  7 hobgoblins
  20 jackals
  7 kobolds
  3 quokkas
  6 frilled lizards
  3 rats
296 creatures vanquished.

Vanquished Creatures (others)
  A plant (D:10)
1 creature vanquished.

Grand Total: 297 creatures vanquished

Notes
Turn   | Place    | Note
-------+----------+-------------------------------------------
     0 | D:1      | doot the Tengu Air Elementalist began the quest for the
                  | Orb.
     0 | D:1      | Reached XP level 1. HP: 10/10 MP: 4/4
   184 | D:1      | Reached XP level 2. HP: 12/15 MP: 1/6
   582 | D:3      | Reached XP level 3. HP: 19/19 MP: 5/7
   615 | D:3      | Noticed Robin
   654 | D:3      | Killed Robin
  1262 | D:3      | Found a shattered altar of Ashenzari.
  1332 | D:3      | Reached XP level 4. HP: 24/24 MP: 4/9
  1770 | D:3      | Reached skill level 5 in Air Magic
  1950 | D:3      | Found a hide-covered altar of Uskayaw.
  1982 | D:2      | Learned a level 2 spell: Swiftness
  1986 | D:2      | Learned a level 3 spell: Static Discharge
  2018 | D:2      | Noticed Sigmund
  2251 | D:4      | Gained mutation: You can fly continuously. [Tengu growth]
  2251 | D:4      | Reached XP level 5. HP: 28/28 MP: 4/10
  2257 | D:4      | Learned a level 4 spell: Airstrike
  3156 | D:4      | Got an opalescent robe
  3167 | D:4      | Identified the +0 robe of Amorality {rC+ rN+ Int-5 Slay+2}
                  | (You found it on level 4 of the Dungeon)
  3321 | D:4      | Reached XP level 6. HP: 23/32 MP: 10/12
  3777 | D:5      | Entered Level 5 of the Dungeon
  3941 | D:5      | Found a runed translucent door.
  3943 | D:5      | Noticed bmj180's ghost (amateur MiFi)
  3986 | D:5      | Reached skill level 1 in Maces & Flails
  4009 | D:5      | Reached skill level 6 in Air Magic
  4643 | D:5      | Reached XP level 7. HP: 29/37 MP: 1/14
  5004 | D:6      | Noticed Duvessa
  5004 | D:6      | Noticed Dowan
  5223 | D:5      | Reached skill level 7 in Air Magic
  5469 | D:5      | Reached skill level 5 in Spellcasting
  6054 | D:5      | Reached XP level 8. HP: 28/42 MP: 7/16
  6331 | D:6      | Found a staircase to the Ecumenical Temple.
  6386 | Temple   | Entered the Ecumenical Temple
  6504 | D:5      | Learned a level 5 spell: Lightning Bolt
  6769 | D:5      | Reached skill level 8 in Air Magic
  7065 | D:5      | Reached skill level 5 in Conjurations
  7471 | D:2      | Found an iron altar of Okawaru.
  7687 | D:2      | Found a radiant altar of Vehumet.
  7696 | D:2      | Became a worshipper of Vehumet
  8038 | D:1      | Reached skill level 1 in Polearms
  8248 | D:2      | Found a glowing golden altar of the Shining One.
  8458 | D:2      | Killed Sigmund
  8929 | D:5      | Noticed a yak
  9033 | D:6      | Killed Dowan
  9033 | D:6      | Reached skill level 1 in Fighting
  9283 | D:6      | Killed Duvessa
  9283 | D:6      | Reached XP level 9. HP: 18/47 MP: 0/20
  9537 | D:6      | Got a twisted long sword
  9538 | D:6      | Identified the +5 long sword "Untech" {pain, +Blink rPois
                  | rC+++ MR- MP-9} (You found it on level 6 of the Dungeon)
  9802 | D:7      | Reached * piety under Vehumet
  9802 | D:7      | Offered knowledge of Sandblast by Vehumet.
  9893 | D:7      | Reached skill level 9 in Air Magic
 10076 | D:7      | Found a sparkling altar of Nemelex Xobeh.
 10389 | D:7      | Reached skill level 1 in Long Blades
 10746 | D:7      | Noticed a seven-headed hydra
 10897 | D:7      | Killed a seven-headed hydra
 10897 | D:7      | Reached skill level 10 in Air Magic
 10897 | D:7      | Reached skill level 1 in Evocations
 11190 | D:8      | Reached XP level 10. HP: 53/53 MP: 1/23
 11610 | D:8      | Found a hazy altar of Hepliaklqana.
 11681 | D:8      | Noticed Psyche
 11686 | D:8      | Killed Psyche
 11773 | D:8      | Reached skill level 11 in Air Magic
 12152 | D:8      | Found a bloodstained altar of Trog.
 13133 | D:9      | HP: 3/79 [orc priest/divine providence (8)]
 13531 | D:9      | Offered knowledge of Flame Tongue by Vehumet.
 13690 | D:9      | Noticed a two-headed ogre
 13692 | D:9      | Reached ** piety under Vehumet
 13757 | D:9      | Killed a two-headed ogre
 14382 | D:9      | Found a runed translucent door.
 14383 | D:9      | Noticed kalagan's ghost (novice DESu)
 14428 | D:9      | Reached skill level 12 in Air Magic
 14599 | D:9      | Reached XP level 11. HP: 60/60 MP: 13/25
 14803 | D:9      | Found a glowing silver altar of Zin.
 14867 | D:10     | Entered Level 10 of the Dungeon
 14885 | D:10     | Found Kitarip's Magic Scroll Emporium.
 14917 | D:10     | Bought a scroll of enchant armour for 97 gold pieces
 14917 | D:10     | Bought a scroll of fear for 45 gold pieces
 14917 | D:10     | Bought a scroll of brand weapon for 260 gold pieces
 15026 | D:10     | Reached skill level 10 in Spellcasting
 15828 | D:10     | Found a staircase to the Lair.
 16917 | D:10     | Noticed a two-headed ogre
 17016 | D:10     | Offered knowledge of Searing Ray by Vehumet.
 17341 | D:10     | Killed a two-headed ogre
 17410 | D:10     | Noticed a tengu warrior
 17430 | D:10     | Killed a tengu warrior
 17430 | D:10     | Reached skill level 5 in Long Blades
 17642 | D:11     | Found a frozen archway.
 17665 | D:11     | Noticed a tengu warrior
 17673 | D:11     | Reached *** piety under Vehumet
 17777 | D:10     | HP: 1/60 [tengu warrior/+0 long sword (4)]
 17777 | D:10     | Slain by a tengu warrior

Skill      XL: |  1  2  3  4  5  6  7  8  9 10 11 |
---------------+----------------------------------+-----
Conjurations   | 2 3 4 5 6 |  6.2
Air Magic      | 5 6 7 8 10 12 | 12.7
Spellcasting   | 3 4 5 6 8 9 10 | 10.7
Maces & Flails | 1 |  1.0
Dodging        | 3 4 |  4.3
Polearms       | 2 |  2.4
Stealth        | 3 4 |  4.1
Fighting       | 1 3 |  3.2
Long Blades    | 2 4 5 |  5.1
Evocations     | 1 2 3 |  3.0
Short Blades   | |  0.5
Armour         | |  0.6

Action                   |  1- 3 |  4- 6 |  7- 9 | 10-12 || total
-------------------------+-------+-------+-------+-------++-------
Melee: Short sword       |    11 |       |       |       ||    11
       Mace              |     9 |    37 |       |       ||    46
       Kick              |     3 |    15 |    17 |    38 ||    73
       Peck              |     1 |     9 |     8 |    18 ||    36
       Dagger            |       |    26 |    16 |       ||    42
       Spear             |       |       |    54 |       ||    54
       Halberd           |       |       |    16 |       ||    16
       Long sword        |       |       |    28 |   123 ||   151
 Cast: Shock             |    56 |   101 |    80 |    28 ||   265
       Airstrike         |       |     3 |   108 |    99 ||   210
       Static Discharge  |       |     2 |     1 |     2 ||     5
       Lightning Bolt    |       |       |       |    11 ||    11
 Abil: Fly               |       |     1 |       |       ||     1
Evoke: Wand              |       |       |    10 |    22 ||    32
  Use: Potion            |       |       |     1 |     3 ||     4
       Scroll            |       |       |       |     4 ||     4
 Stab: Sleeping          |       |     2 |       |     3 ||     5
       Distracted        |       |       |     2 |     1 ||     3
  Eat: Chunk             |     2 |    11 |    34 |    27 ||    74
       Ration            |       |       |     2 |     2 ||     4
Armor: Robe              |     3 |    14 |     5 |     9 ||    31
       Skin              |       |       |       |    11 ||    11
       Leather armour    |       |       |       |    10 ||    10
Dodge: Dodged            |    35 |    55 |    83 |   117 ||   290
       Rpst.: Long sword |       |       |     6 |    31 ||    37
